General information
- name: BNet
- type: Ladder team game (AT/RT)
- host: Battle.net
- saver: TIMG4STRok
map: TranquilPaths
- players: 4
- length: 10:09
- speed: Fast
- version: 1.24 W3XP
- replay type:

» download(69 KB)
Players
team 1 (winner)

»
dkis (
blue | 132 APM | 1342 actions | 10:08)
4 Far Seer
2 Feral Spirit
2 Chain Lighting
2 Shadow Hunter
1 Hex
1 Healing Wave
» actions
| Assign group hotkey | 25 | |
| Basic commands | 5 | |
| Build / train | 48 | |
| ESC pressed | 1 | |
| Enter build submenu | 11 | |
| Enter hero's abilities submenu | 6 | |
| Give item / drop item | 1 | |
| Right click | 731 | |
| Select / deselect | 256 | |
| Select group hotkey | 192 | |
| Use ability | 66 | |
1342 total
» units
| Peon | 10 | |
| Grunt | 6 | |
| Raider | 3 | |
| Spirit Walker | 2 | |
21 total
» upgrades
| Berserker Strength | 1 | |
| Ensnare | 1 | |
| Spirit Walker Training | 1 | |
3 total
» buildings
| Altar of Storms | 1 | |
| Orc Burrow | 4 | |
| Barracks | 1 | |
| Voodoo Lounge | 1 | |
| Stronghold | 1 | |
| Spirit Lodge | 2 | |
| Beastiary | 1 | |
11 total
» build order
00:06 Altar of Storms
00:16 Orc Burrow
00:35 Barracks
01:26 Orc Burrow
01:53 Voodoo Lounge
02:51 Stronghold
03:31 Orc Burrow
05:44 Spirit Lodge
05:50 Beastiary
06:33 Spirit Lodge
07:33 Orc Burrow
» items
| Healing Salve | 3 | |
| Lesser Clarity Potion | 3 | |
| Scroll of Speed | 2 | |
| Potion of Healing | 1 | |
9 total

»
TIMG4STRok (
orange | 148 APM | 1500 actions | 10:09)
3 Death Knight
2 Death Coil
1 Unholy Aura
1 Lich
1 Frost Nova
» actions
| Assign group hotkey | 17 | |
| Basic commands | 54 | |
| Build / train | 32 | |
| Enter build submenu | 12 | |
| Enter hero's abilities submenu | 4 | |
| Give item / drop item | 1 | |
| Right click | 689 | |
| Select / deselect | 95 | |
| Select group hotkey | 560 | |
| Use ability | 36 | |
1500 total
» units
| Acolyte | 2 | |
| Ghoul | 2 | |
| Crypt Fiend | 5 | |
| Banshee | 3 | |
| Obsidian Statue | 3 | |
15 total
» upgrades
| Creature Attack | 1 | |
| Burrow | 1 | |
| Banshee Training | 1 | |
3 total
» buildings
| Graveyard | 1 | |
| Crypt | 1 | |
| Ziggurat | 5 | |
| Altar of Darkness | 1 | |
| Tomb of Relics | 1 | |
| Halls of the Dead | 3 | |
| Nerubian Tower | 1 | |
| Temple of the Damned | 1 | |
| Slaughterhouse | 1 | |
| Black Citadel | 1 | |
16 total
» build order
00:07 Graveyard
00:11 Crypt
00:38 Ziggurat
00:57 Altar of Darkness
01:47 Ziggurat
02:00 Tomb of Relics
04:18 Halls of the Dead
04:18 Halls of the Dead
04:30 Nerubian Tower
04:46 Ziggurat
05:32 Ziggurat
07:11 Temple of the Damned
07:13 Slaughterhouse
07:53 Ziggurat
10:05 Black Citadel
» items
| Rod of Necromancy | 1 | |
| Dust of Appearance | 1 | |
| Scroll of Town Portal | 1 | |
3 total
team 2 (loser)
briton.darky (
red | 126 APM | 1273 actions | 10:07)
3 Far Seer
2 Feral Spirit
1 Chain Lighting
2 Tauren Chieftain
1 Shockwave
1 Endurance Aura
» actions
| Assign group hotkey | 35 | |
| Basic commands | 244 | |
| Build / train | 33 | |
| Enter build submenu | 10 | |
| Enter hero's abilities submenu | 5 | |
| Right click | 246 | |
| Select / deselect | 247 | |
| Select group hotkey | 402 | |
| Use ability | 51 | |
1273 total
» units
| Peon | 7 | |
| Grunt | 4 | |
| Spirit Walker | 2 | |
| Raider | 2 | |
15 total
» upgrades
| Berserker Strength | 1 | |
| Spirit Walker Training | 1 | |
| Ensnare | 1 | |
3 total
» buildings
| Altar of Storms | 1 | |
| Orc Burrow | 4 | |
| Barracks | 1 | |
| Voodoo Lounge | 1 | |
| Stronghold | 1 | |
| Spirit Lodge | 1 | |
| War Mill | 1 | |
| Beastiary | 1 | |
11 total
» build order
00:07 Altar of Storms
00:19 Orc Burrow
00:35 Barracks
01:37 Orc Burrow
01:51 Voodoo Lounge
03:28 Stronghold
04:06 Orc Burrow
05:53 Spirit Lodge
06:18 War Mill
06:58 Beastiary
07:19 Orc Burrow
» items
| Lesser Clarity Potion | 2 | |
| Healing Salve | 3 | |
| Scroll of Speed | 1 | |
| Scroll of Town Portal | 1 | |
7 total
SW_Muderman_SL (
yellow | 122 APM | 1225 actions | 10:03)
2 Death Knight
1 Death Coil
1 Unholy Aura
1 Lich
1 Frost Nova
» actions
| Assign group hotkey | 20 | |
| Basic commands | 164 | |
| Build / train | 26 | |
| Enter build submenu | 11 | |
| Enter hero's abilities submenu | 3 | |
| Right click | 306 | |
| Select / deselect | 139 | |
| Select group hotkey | 528 | |
| Use ability | 28 | |
1225 total
» units
| Acolyte | 2 | |
| Ghoul | 2 | |
| Crypt Fiend | 10 | |
| Obsidian Statue | 2 | |
16 total
» buildings
| Crypt | 1 | |
| Graveyard | 1 | |
| Altar of Darkness | 1 | |
| Ziggurat | 4 | |
| Tomb of Relics | 1 | |
| Halls of the Dead | 1 | |
| Slaughterhouse | 1 | |
| Black Citadel | 1 | |
| Spirit Tower | 1 | |
12 total
» build order
00:10 Crypt
00:21 Graveyard
00:45 Altar of Darkness
01:01 Ziggurat
01:29 Tomb of Relics
02:03 Ziggurat
03:26 Halls of the Dead
04:32 Ziggurat
07:09 Slaughterhouse
07:12 Ziggurat
08:11 Black Citadel
09:53 Spirit Tower
» items
| Rod of Necromancy | 1 | |
| Potion of Healing | 1 | |
2 total
Chat log
(00:13 / Allies) dkis: mirror? or what were they
(00:19 / Allies) TIMG4STRok: idk wasnt paying attention lmao
(00:22 / Allies) dkis: i know i saw an ud
(00:33 / Allies) dkis: oh well
(00:36 / All) dkis: glhf
(00:39 / All) briton.darky: hf hf
(00:41 / All) SW_Muderman_SL: u2
(00:44 / All) TIMG4STRok: gl
(00:50 / Allies) TIMG4STRok: ud such a boring race
(00:54 / Allies) dkis: lol
(00:59 / Allies) dkis: go banshees!
(01:05 / Allies) TIMG4STRok: ok fiendshee it is
(01:19 / Allies) dkis: link/ams
(01:29 / Allies) TIMG4STRok: make an already invincible dk even more invincible
(01:36 / Allies) dkis: ;D
(02:16 / Allies) dkis: mirror
(02:18 / Allies) TIMG4STRok: k
(02:28 / Allies) dkis: so win before dest
(07:44 / Allies) TIMG4STRok: ty
(10:03 / All) briton.darky: gg
(10:06 / All) dkis: gg